 Dungeon Crawl Stone Soup version 0.21-a0-207-g4a9efaf (webtiles) character file.

18 namelastname112 the Sneak (level 2, -4/15 HPs)
             Began as a Vine Stalker Assassin on Aug 20, 2017.
             Slain by a gnoll
             ... wielding a +0 whip
              (5 damage)
             ... on level 2 of the Dungeon.
             The game lasted 00:01:08 (667 turns).

namelastname112 the Sneak (Vine Stalker Assassin)    Turns: 667, Time: 00:01:08

Health: -4/15      AC:  4    Str: 13    XL:     2   Next: 70%
Magic:  0/3        EV: 12    Int: 11    God:
Gold:   56         SH:  0    Dex: 18    Spells: 1/1 levels left

rFire    . . .     SeeInvis .   a - +2 dagger
rCold    . . .     Gourm    .   (no shield)
rNeg     . . .     Faith    .   c - +0 robe
rPois    .         Spirit   +   q - +0 helmet
rElec    .         Reflect  .   d - +0 cloak
rCorr    .         Harm     .   (no gloves)
MR       .....     Rnd*Tele +   (no boots)
Stlth    +++.......             (no amulet)
HPRegen  0.05/turn              p - +3 ring of dexterity
MPRegen  0.08/turn              t - ring of teleportation (curse)

@: no status effects
A: fangs 2, magic shield, antimagic bite, no potion heal 3, rot immunity
a: no special abilities


You were on level 2 of the Dungeon.
You were not hungry.

You visited 1 branch of the dungeon, and saw 2 of its levels.

You collected 56 gold pieces.

Inventory:

Hand Weapons
 a - a +2 dagger (weapon)
 b - a +0 blowgun
Missiles
 e - 8 poisoned needles
 f - 2 curare-tipped needles
Armour
 c - a +0 robe (worn)
 d - a +0 cloak (worn)
 q - a +0 helmet (worn)
Jewellery
 p - a +3 ring of dexterity (left hand)
 t - a cursed ring of teleportation (right hand)
Scrolls
 i - a scroll of fear {unknown}
 j - a scroll of magic mapping {unknown}
 k - a scroll of identify {unknown}
 l - 2 scrolls of enchant weapon {unknown}
 n - a scroll of remove curse {unknown}
 o - a scroll of recharging {unknown}
Potions
 m - a potion of cancellation {unknown}
 s - a potion of curing {unknown}
Comestibles
 g - 2 bread rations
 h - a royal jelly
 r - a fruit


   Skills:
 + Level 1.8 Fighting
 + Level 2.1 Short Blades
 - Level 1.7 Throwing
 + Level 0.1 Armour
 + Level 1.2 Dodging
 + Level 5.2 Stealth


You had one spell level left.
You didn't know any spells.

Dungeon Overview and Level Annotations

Branches:
Dungeon (2/15)

Altars:


Innate Abilities, Weirdness & Mutations

You have extremely sharp teeth.
When hurt, damage is shared between your health and your magic reserves.
Your bite disrupts and absorbs the magic of your enemies.
Potions cannot restore your health.
You are immune to rotting.


Message History

The gnoll is severely wounded.
The gnoll hits you with a whip.
* * * LOW HITPOINT WARNING * * *
You take 3 damage, and have 1/15 hp.
You barely miss the gnoll.
The gnoll is severely wounded.
The gnoll misses you.
The goblin shouts!
There is an open door here.
You see here a worm corpse.
MP restored: 3 You hit the gnoll.
You bite the gnoll, but do no damage.
The gnoll is almost dead.
The gnoll hits you with a whip.
* * * LOW HITPOINT WARNING * * *
You take 1 damage, and have 1/15 hp.
You now have 1/3 mp.
You hit the gnoll.
The gnoll is almost dead.
The gnoll hits you with a whip.
You die...

##..#...†g...⌠.!⌠..⌠.
#........#....#...#..
#..g#...##...[##.##..
#.<.##.###......⌠.$..
#...##.# #...........
##...##.# #...........
.....##.# #...........
.#.#.##.################
.#.#.......g...g@......#
#.####........#.###...#
#. ####..#.##.# #
#..#..... #..####.##
#... .... ..... .....
###.##.... . #.. ..


You could see a gnoll and a goblin.

Vanquished Creatures
  A worm (D:2)
  A leopard gecko (D:1)
  7 bats (D:1)
  2 hobgoblins (D:1)
  2 kobolds (D:1)
  3 rats (D:1)
16 creatures vanquished.

Notes
Turn   | Place    | Note
-------+----------+-------------------------------------------
     0 | D:1      | namelastname112 the Vine Stalker Assassin began the quest for the Orb.
     0 | D:1      | Reached XP level 1. HP: 11/11 MP: 2/2
    68 | D:1      | Reached skill level 1 in Dodging
   164 | D:1      | Reached skill level 5 in Stealth
   249 | D:1      | Reached XP level 2. HP: 15/15 MP: 3/3
   667 | D:2      | Slain by a gnoll

Vault maps used:
D:1:      zaba_arrival_water
D:2:      kennysheep_generic_room_2

Skill      XL: |  1  2 |
---------------+-------+-----
Dodging        | 1 |  1.2
Stealth        | 5 |  5.2
Short Blades   | 2 |  2.1
Fighting       | |  1.8
Throwing       | |  1.7
Armour         | |  0.1

Action                   || total
-------------------------++-------
Melee: Dagger            ||    41
       Bite              ||     9
 Stab: Sleeping          ||     6
Armor: Robe              ||    17
Dodge: Dodged            ||    31
